 Dungeon Crawl Stone Soup version 0.30.0-10-gfe55d96785 (webtiles) character file.

Game seed: 6846732608618395382

630 Farfigtubin the Chopper (level 7, 0/51 (56) HPs)
             Began as a Formicid Fighter on May 14, 2023.
             Was a Follower of Qazlal.
             Slain by a hell rat (5 damage)
             ... in a sewer.
             The game lasted 00:21:19 (4259 turns).

Farfigtubin the Chopper (Formicid Fighter)          Turns: 4259, Time: 00:21:20

HP:   0/51 (56)     AC: 10    Str: 28    XL:     7   Next: 77%
MP:   7/7           EV:  8    Int:  8    God:    Qazlal [*.....]
Gold: 326           SH:  6    Dex: 13    Spells: 6/6 levels left

rFire   . . .        a - +0 war axe
rCold   . . .        c - +0 buckler
rNeg    . . .        q - +0 chain mail
rPois   .            (helmet unavailable)
rElec   .            (no cloak)
rCorr   .            (no gloves)
SInv    +            u - +0 pair of boots
Will    .....        (no amulet) Stlth
                     j - +6 ring of strength
HPRegen 0.28/turn    (no ring)
MPRegen 0.10/turn

%: no passive effects
@: mighty, drained
A: permanent stasis, dig shafts and tunnels, antennae 3, four strong arms
a: Dig, Renounce Religion


You were in a sewer.
You worshipped Qazlal.
Qazlal was aware of your devotion.
You visited 2 branches of the dungeon, and saw 6 of its levels.
You also visited: Sewer.

You collected 386 gold pieces.
You spent 60 gold pieces at shops.

Inventory:

Hand Weapons
 a - a +0 war axe (weapon)
Missiles
 e - 22 stones (quivered)
 n - 3 javelins
 B - a throwing net
Armour
 c - a +0 buckler (worn)
 q - a +0 chain mail (worn)
 u - a +0 pair of boots (worn)
 C - a +2 kite shield
Jewellery
 j - a +6 ring of strength (left hand)
 E - a ring of willpower
Wands
 v - a wand of polymorph (7)
Scrolls
 f - 2 scrolls of acquirement {unknown}
 h - 2 scrolls of identify {unknown}
 l - 2 scrolls of immolation {unknown}
 p - a scroll of poison {unknown}
 t - a scroll of teleportation {unknown}
 y - a scroll of magic mapping {unknown}
 z - a scroll of blinking {unknown}
 A - a scroll of enchant armour {unknown}
Potions
 b - a potion of cancellation {unknown}
 g - 5 potions of curing {unknown}
 i - a potion of attraction {unknown}
 k - a potion of experience {unknown}
 m - 3 potions of haste {unknown}
 o - 2 potions of heal wounds
 r - a potion of flight {unknown}
 s - a potion of magic {unknown}
 w - 2 potions of degeneration
 x - a potion of ambrosia {unknown}
 D - 2 potions of berserk rage {unknown}


   Skills:
 + Level 5.5 Fighting
 * Level 6.1 Axes
 + Level 3.0 Throwing
 - Level 3.2 Armour
 - Level 4.0 Shields


You had 6 spell levels left.
You didn't know any spells.
Your spell library was empty.

Dungeon Overview and Level Annotations

Branches:
Dungeon (5/15)             Temple (1/1) D:4           Sewer (1/1)

Altars:
Cheibriados
Dithmenos
Elyvilon
Fedhas
Hepliaklqana
Makhleb
Nemelex Xobeh
Okawaru
Qazlal
Ru
Wu Jian
Xom
Yredelemnul
Zin
The Shining One

Shops:
D:3 [   D:4 !


Innate Abilities, Weirdness & Mutations

You cannot be hasted, slowed, berserked, paralysed or teleported.
You can dig through walls and to a lower floor.
You have a pair of large antennae on your head. (SInv)
Your four strong arms can wield two-handed weapons with a shield.


Message History

Qazlal accepts your kill.
You enter the shallow water.
Moving in this stuff is going to be slow.
You see here a river rat corpse.
You enter the shallow water.
Moving in this stuff is going to be slow.
You enter the shallow water.
Moving in this stuff is going to be slow.
You enter the shallow water.
Moving in this stuff is going to be slow.
You enter the shallow water.
Moving in this stuff is going to be slow.
You open the door.
A hell rat comes into view.
The hell rat roars deafeningly!
Found four items.
Found a gate leading back out of this place.
Found three items.
There is an open door here.
You barely miss the hell rat. The hell rat bites you.
You feel drained.
You closely miss the hell rat. You block the hell rat's attack.
The hell rat splashes around in the water.
You hit the hell rat.
The hell rat is lightly wounded.
The hell rat splashes around in the water.
You hit the hell rat but do no damage.
The hell rat is lightly wounded.
The hell rat bites you!
The hell rat splashes around in the water.
You closely miss the hell rat.
The hell rat is lightly wounded.
The hell rat bites you!
You feel drained.
You barely miss the hell rat.
The hell rat is lightly wounded.
The hell rat bites you! The hell rat bites you.
You feel very mighty all of a sudden. The hell rat bites you!
* * * LOW HITPOINT WARNING * * *
You feel drained.
You die...

###~~~∩.~.###
###...†.∩~~.~~#
#.~~~~#####~..~.
##~.~###!∩!###~~.
#~..##~??/!?.##~~
#~.~#~~.~~~~~.# ~
#~~~##~~~~~~. {
##~..###.r.# .
#~.~~.##@##.~~~
###~~~~.○~..~.#
###~~~..~~###
#########


You could see a hell rat.

Vanquished Creatures
  A phantom (D:5)
  An orc priest (D:4)
  A gnoll bouda (D:3)
  2 hounds
  A jelly (D:5)
  2 sleepcaps
  Natasha (thrice) (D:3)
  2 orc wizards (D:4)
  4 gnolls (D:4)
  7 adders
  A river rat (Sewer)
  A shadow imp (D:5)
  2 worms (D:5)
  3 dart slugs
  5 orcs (D:4)
  6 ball pythons
  4 endoplasms
  2 giant cockroaches
  10 hobgoblins
  14 kobolds
  6 quokkas
  4 bats
  5 frilled lizards
  16 goblins
  11 rats
114 creatures vanquished.

Notes
Turn   | Place    | Note
-------+----------+-------------------------------------------
     0 | D:1      | Farfigtubin the Formicid Fighter began the quest for the
                  | Orb.
     0 | D:1      | Reached XP level 1. HP: 18/18 MP: 1/1
   105 | D:1      | Reached XP level 2. HP: 19/24 MP: 2/2
   565 | D:1      | Reached XP level 3. HP: 29/30 MP: 3/3
   566 | D:1      | Reached skill level 3 in Axes
  1104 | D:2      | Reached XP level 4. HP: 36/36 MP: 4/4
  1560 | D:3      | Found an ornate altar of the Wu Jian Council.
  1734 | D:3      | Found a faded altar of an unknown god.
  1901 | D:3      | Found Weleames's Antique Armour Shop.
  1927 | D:3      | Found a glowing silver altar of Zin.
  1928 | D:3      | Found a glowing golden altar of the Shining One.
  1937 | D:3      | Found a sacrificial altar of Ru.
  1961 | D:3      | Noticed Natasha
  1972 | D:3      | Killed Natasha
  1973 | D:3      | Reached skill level 4 in Axes
  1973 | D:3      | Reached XP level 5. HP: 42/42 MP: 5/5
  2611 | D:4      | Reached skill level 1 in Throwing
  2745 | D:3      | Reached XP level 6. HP: 27/49 MP: 6/6
  2786 | D:3      | Noticed Natasha
  2795 | D:3      | Killed Natasha
  2972 | D:4      | Reached skill level 5 in Axes
  3058 | D:4      | Found a staircase to the Ecumenical Temple.
  3065 | Temple   | Entered the Ecumenical Temple
  3092 | Temple   | Became a worshipper of Qazlal Stormbringer
  3237 | D:3      | Noticed Natasha
  3241 | D:3      | Killed Natasha
  3299 | D:4      | Reached skill level 5 in Fighting
  3328 | D:3      | Reached XP level 7. HP: 56/56 MP: 7/7
  3466 | D:4      | Found a sparkling altar of Nemelex Xobeh.
  3631 | D:4      | Found a shimmering altar of Xom.
  3711 | D:4      | Found Kioras's Distillery.
  3716 | D:4      | Bought a potion of degeneration for 10 gold pieces
  3716 | D:4      | Bought a potion of heal wounds for 50 gold pieces
  3910 | D:5      | Entered Level 5 of the Dungeon
  3994 | D:5      | Reached skill level 6 in Axes
  4132 | D:5      | Reached * piety under Qazlal
  4226 | D:5      | Found a glowing drain.
  4230 | Sewer    | Entered a sewer
  4259 | Sewer    | Slain by a hell rat

Illustrated notes

Levels and vault maps discovered:
D:1:      dpeg_arrival_stone_temple_mockup, layout_rooms,
          hangedman_decor_opposing, minmay_vboxes
D:2:      cheibrodos_greedy_goblins, layout_basic, moated_statue,
          grunt_ministairs_7, dreamdust_wishing_well,
          chequers_serial_rivers_marsh
D:3:      layout_basic, nicolae_ru_the_path_less_chosen,
          nicolae_wu_jian_immortal_techniques,
          chequers_temple_overflow_statue_of_worship,
          ebering_ecumenical_altar_sacrificial, serial_shops, shop,
          lexackson_kobold_supper, uniq_natasha
D:4:      layout_loops_ring, nemelex_diamond_rough_becter,
          mainiacjoe_overflow_surrounded_room, minmay_temple_entry_nine_rooms,
          serial_shops, shop, minmay_misc_feat_nine_boxes,
          hangedman_abyss_or_decor_passed
D:5:      layout_rooms, lemuel_coloured_pillars_altar,
          mainiacjoe_overflow_paths, ebering_ghost_rock_garden,
          gup_sewer_entry_spiral, serial_corexii_hall,
          chequers_hall_statues_corner_a, corexii_hall_statues_l,
          grunt_decor_resistance, small_statue_intersection,
          serial_bayou_lagoon_a
Temple:   hellmonk_temple_rainy
Sewer:    sewer_hellmonk_bad_rat

Skill      XL: |  1  2  3  4  5  6  7 |
---------------+----------------------+-----
Axes           | 3 4 5 6 |  6.1
Fighting       | 4 5 |  5.5
Throwing       | 1 2 3 |  3.0
Armour         | |  3.2
Shields        | |  4.0

Action                     |  1- 3 |  4- 6 |  7- 9 || total
---------------------------+-------+-------+-------++-------
  Melee: War axe           |   118 |   138 |   111 ||   367
  Throw: Stone             |    12 |     8 |     6 ||    26
         Javelin           |       |     1 |       ||     1
Ability: Dig               |     1 |       |       ||     1
    Use: Potion            |       |       |     1 ||     1
 Armour: Scale mail        |    38 |       |       ||    38
         Chain mail        |     5 |    82 |    28 ||   115
         Skin              |       |     1 |       ||     1
  Dodge: Dodged            |    45 |    52 |    40 ||   137
  Block: Buckler           |    25 |    33 |    16 ||    74
